 Dungeon Crawl Stone Soup version 0.31-a0-237-g2d982f9f85 (webtiles) character file.

Game seed: 13040054274126161141

179 qw the Shooter (level 5, -1/31 HPs)
             Began as a Gargoyle Hexslinger on July 11, 2023.
             Slain by a gnoll
             ... wielding a +0 whip
              (4 damage)
             ... on level 3 of the Dungeon.
             The game lasted 00:00:50 (1867 turns).

qw the Shooter (Gargoyle Hexslinger)                Turns: 1867, Time: 00:00:50

Health: -1/31      AC:  8    Str: 11    XL:     5   Next: 59%
Magic:  6/6        EV: 12    Int: 14    God:
Gold:   108        SH:  0    Dex: 14    Spells: 5/6 levels left

rFire   + + .        Y - +1 sling
rCold   . . .        (no shield)
rNeg    + . .        d - +2 robe {rF+}
rPois   inf          (no helmet)
rElec   +            (no cloak)
rCorr   .            (no gloves)
SInv    .            (no boots)
Will    .....        (no amulet)
Stlth   +            a - ring of protection from fire
HPRegen 0.25/turn    (no ring)
MPRegen 0.10/turn

%: no passive effects
@: about to teleport
A: sickness immunity, AC +4, negative energy resistance 1, electricity
resistance, torment resistance 1, petrification resistance
a: no special abilities


You were on level 3 of the Dungeon.
You visited 1 branch of the dungeon, and saw 3 of its levels.

You collected 138 gold pieces.
You spent 30 gold pieces at shops.


Innate Abilities, Weirdness & Mutations

You are immune to sickness and miasma.
Your stone body is resilient. (AC +4)
You are immune to poison.
You resist negative energy. (rN+)
You are resistant to electric shocks. (rElec)
You are resistant to unholy torment.
You are immune to petrification.


   Skills:
 + Level 2.4 Fighting
 - Level 5.2 Ranged Weapons
 - Level 1.5 Dodging
 - Level 1.0 Spellcasting
 - Level 2.6 Hexes


You had 5 spell levels left.
You knew the following spells:

 Your Spells              Type           Power      Damage    Failure   Level
a - Slow                  Hex            32%        N/A       9%          1

Your spell library contained the following spells:

 Spells                   Type           Power      Damage    Failure   Level
 Inner Flame              Hex/Fire       4%         N/A       41%         3
 Portal Projectile        Hex/Tloc       8%         N/A       41%         3
 Cause Fear               Hex            4%         N/A       65%         4

Inventory:

Hand Weapons
 Y - a +1 sling (weapon)
Armour
 d - a +2 robe of fire resistance (worn)
Jewellery
 a - a ring of protection from fire (left hand)
Scrolls
 e - a scroll of revelation {unknown}
 g - 2 scrolls of identify
Potions
 b - 2 potions of curing
 f - a potion of invisibility {unknown}
 h - a potion of resistance {unknown}

Dungeon Overview and Level Annotations

Branches:
Dungeon (3/15)

Altars:
Makhleb

Shops:
D:1 (=*!

Annotations:
D:2 1 runed translucent door, Crazy Yiuf


Message History

You shoot a sling bullet.
The sling bullet hits the gnoll but does no damage.
The gnoll hits you but does no damage. The gnoll closely misses you.
You shoot a sling bullet. The sling bullet hits the gnoll.
The gnoll is lightly wounded.
The gnoll hits you from afar with a +0 halberd!
The gnoll closely misses you.
You shoot a sling bullet. The sling bullet hits the gnoll.
The gnoll is moderately wounded.
The gnoll throws a stone.
The stone hits you but does no damage. The gnoll barely misses you.
The gnoll hits you with a +0 whip.
The gnoll throws a stone.
The stone closely misses you.
You shoot a sling bullet.
The sling bullet closely misses the gnoll.
The gnoll barely misses you. The gnoll hits you but does no damage.
The gnoll misses you.
You shoot a sling bullet. The sling bullet hits the gnoll.
The gnoll is severely wounded.
The gnoll hits you with a +0 flail. The gnoll hits you with a +0 whip.
The gnoll barely misses you.
You shoot a sling bullet. The sling bullet hits the gnoll.
The gnoll is almost dead.
The gnoll barely misses you. The gnoll hits you with a +0 whip.
The gnoll hits you but does no damage. The gnoll closely misses you.
You shoot a sling bullet.
The sling bullet hits the gnoll but does no damage.
The gnoll is almost dead.
The gnoll hits you but does no damage. The gnoll misses you.
The gnoll hits you with a +0 flail.
1866 ||| READING scroll of teleportation.
As you read the scroll of teleportation, it crumbles to dust.
You feel strangely unstable. The gnoll hits you but does no damage.
The gnoll barely misses you. The gnoll hits you with a +0 flail.
You shoot a sling bullet.
The sling bullet hits the gnoll but does no damage.
The gnoll is almost dead.
The gnoll hits you with a +0 whip. The gnoll barely misses you.
The gnoll misses you. The gnoll hits you with a +0 whip.
You die...

#........ #~......#
####~.....#
#..~......# .
#.#.......## ..
#...g......####.. ..
#...g...............
#.@g...............
##..~~.....[....~~.
##..~..........~..
##...............
##.....~......>.
##...~#~.%..##.
#..%#.....# #.
###..#...#### #.
#....#..## #.


You could see 3 gnolls.

Vanquished Creatures
  Jessica (D:2)
  Natasha (thrice) (D:2)
  A gnoll (D:1)
  3 adders
  4 ball pythons
  5 endoplasms
  2 giant cockroaches
  7 goblins
  2 hobgoblins (D:2)
  3 quokkas
  2 bats (D:1)
  3 frilled lizards
  4 kobolds
  6 rats
46 creatures vanquished.

Notes
Turn   | Place    | Note
-------+----------+-------------------------------------------
     0 | D:1      | qw the Gargoyle Hexslinger began the quest for the Orb.
     0 | D:1      | Reached XP level 1. HP: 12/12 MP: 2/2
     0 | D:1      | 0 ||| qw: Version: 0.3-a-52-g30416fa
     0 | D:1      | 0 ||| qw: Game counter: 5450
     0 | D:1      | 0 ||| qw: Melee chars always use a shield: true
     0 | D:1      | 0 ||| qw: God list: Okawaru
     0 | D:1      | 0 ||| qw: Allow faded altars: false
     0 | D:1      | 0 ||| qw: Do Orc after clearing Dungeon:15 true
     0 | D:1      | 0 ||| qw: Do second Lair branch before Depths: true
     0 | D:1      | 0 ||| qw: Lair rune preference: random
     0 | D:1      | 0 ||| qw: Goals: Normal
     0 | D:1      | 0 ||| PLANNING D:1-11
    84 | D:1      | Found Kamnocru's Jewellery Boutique.
    89 | D:1      | Found Fuott's Distillery.
    94 | D:1      | 94 ||| SHOPLISTING +4 ring of protection (504 gold, have
                  | 41).
    94 | D:1      | 94 ||| SHOPLISTING +6 ring of dexterity (504 gold, have
                  | 41).
    94 | D:1      | 94 ||| SHOPLISTING +6 ring of strength (504 gold, have 41).
    94 | D:1      | 94 ||| SHOPLISTING ring of ice (350 gold, have 41).
    94 | D:1      | 94 ||| SHOPLISTING ring of protection from cold (350 gold,
                  | have 41).
    94 | D:1      | 94 ||| SHOPLISTING ring of protection from fire (350 gold,
                  | have 41).
    94 | D:1      | 94 ||| SHOPLISTING ring of see invisible (210 gold, have
                  | 41).
    99 | D:1      | Reached skill level 3 in Ranged Weapons
    99 | D:1      | Reached XP level 2. HP: 16/16 MP: 3/3
   108 | D:1      | 108 ||| SHOPLISTING potion of enlightenment (55 gold, have
                  | 41).
   108 | D:1      | 108 ||| SHOPLISTING potion of heal wounds (55 gold, have
                  | 41).
   136 | D:1      | Found Akhlan's Assorted Antiques.
   144 | D:1      | 144 ||| SHOPLISTING agate ring (150 gold, have 41).
   144 | D:1      | 144 ||| BUYING scroll labelled JOTSIP XULLEORITA (30 gold).
   144 | D:1      | Bought a scroll labelled JOTSIP XULLEORITA for 30 gold
                  | pieces
   144 | D:1      | 144 ||| SHOPLISTING scroll labelled URECA BURIUNNU (30
                  | gold, have 11).
   144 | D:1      | 144 ||| SHOPLISTING scroll labelled WELACU BOKK (30 gold,
                  | have 11).
   144 | D:1      | 144 ||| SHOPLISTING scroll labelled XABBUA CUQICOF (30
                  | gold, have 11).
   144 | D:1      | 144 ||| SHOPLISTING steel ring (150 gold, have 11).
   280 | D:1      | Noticed a +0 demon blade
   282 | D:1      | Found Wudiluq's Weapon Shoppe.
   282 | D:1      | Noticed a +0 quick blade
   286 | D:1      | 286 ||| UPGRADING to +0 leather armour.
   299 | D:1      | 299 ||| UPGRADING to +0 leather armour.
   309 | D:1      | 309 ||| DROPPING +0 robe.
   313 | D:1      | 313 ||| SHOPLISTING +1 shortbow "Athron" {speed, rPois}
                  | (252 gold, have 11).
   313 | D:1      | 313 ||| SHOPLISTING +3 heavy orcbow (233 gold, have 11).
   320 | D:1      | Found a faded altar of an unknown god.
   556 | D:1      | 556 ||| DROPPING +6 ring of intelligence.
   557 | D:1      | 557 ||| READING scroll labelled YTAGGA RITTIRE.
   558 | D:1      | 558 ||| READING 2 scrolls labelled LIRYARGHY OQONIPS.
   570 | D:1      | 570 ||| READING 2 scrolls labelled URECA BURIUNNU.
   571 | D:1      | 571 ||| READING scroll labelled QIC VUAWIO.
   572 | D:1      | 572 ||| READING 2 scrolls labelled JOTSIP XULLEORITA.
   576 | D:1      | 576 ||| DROPPING scroll of poison.
   577 | D:1      | 577 ||| DROPPING scroll of torment.
   603 | D:2      | Reached XP level 3. HP: 21/21 MP: 4/4
   770 | D:2      | Noticed Natasha
   772 | D:2      | 772 ||| Stepping ~*~*~tactically~*~*~ (outnumbered).
   775 | D:2      | Killed Natasha
   776 | D:2      | Reached skill level 4 in Ranged Weapons
   776 | D:2      | Reached XP level 4. HP: 26/26 MP: 5/5
   873 | D:2      | Noticed Jessica
   882 | D:2      | Killed Jessica
  1162 | D:2      | Found a runed translucent door.
  1163 | D:2      | Noticed Crazy Yiuf
  1341 | D:2      | Noticed Natasha
  1347 | D:2      | Killed Natasha
  1348 | D:2      | Reached XP level 5. HP: 30/30 MP: 6/6
  1415 | D:2      | 1415 ||| UPGRADING to +2 robe of fire resistance.
  1425 | D:2      | 1425 ||| DROPPING +0 leather armour.
  1426 | D:2      | 1426 ||| UPGRADING to ring of protection from fire.
  1427 | D:2      | 1427 ||| READING scroll labelled OCZECV UNEUPU.
  1428 | D:2      | 1428 ||| READING 3 scrolls of identify.
  1428 | D:2      | 1428 ||| IDENTIFYING bubbling clear potion
  1429 | D:2      | 1429 ||| READING 2 scrolls of identify.
  1429 | D:2      | 1429 ||| IDENTIFYING brown potion
  1430 | D:2      | 1430 ||| DROPPING potion of magic.
  1433 | D:2      | Noticed Natasha
  1440 | D:2      | HP: 6/30 [cerulean imp/+0 spear[Natasha] (2)]
  1441 | D:2      | 1441 ||| READING scroll of teleportation.
  1544 | D:2      | 1544 ||| Stepping ~*~*~tactically~*~*~ (outnumbered).
  1545 | D:2      | Killed Natasha
  1546 | D:2      | Reached skill level 5 in Ranged Weapons
  1765 | D:3      | Found a burning altar of Makhleb.
  1865 | D:3      | HP: 5/31 [gnoll/+0 flail (3)]
  1866 | D:3      | 1866 ||| READING scroll of teleportation.
  1867 | D:3      | Slain by a gnoll

Levels and vault maps discovered:
D:1:      lightli_arrival_windingriver, layout_rooms, serial_shops,
          nicolae_shop_stone, nicolae_shop_just_a_little_nook,
          nicolae_shop_mannequins, shop,
          hellmonk_ecumenical_altar_pennies_from_heaven,
          wander_ebering_terrifying_dragon_lair
D:2:      layout_loops_ring, uniq_natasha, uniq_crazy_yiuf_cottage, uniq_jessica
D:3:      layout_rooms, mainiacjoe_overflow_cross_hatched,
          mainiacjoe_overflow_24_doors, hangedman_decor_riveting,
          kennysheep_decorative_pillar

Skill      XL: |  1  2  3  4  5 |
---------------+----------------+-----
Ranged Weapons | 3 4 5 |  5.2
Fighting       | 2 |  2.4
Dodging        | |  1.5
Spellcasting   | |  1.0
Hexes          | |  2.6

Action                     |  1- 3 |  4- 6 || total
---------------------------+-------+-------++-------
   Fire: Sling             |    75 |    99 ||   174
    Use: Scroll            |     5 |     5 ||    10
 Armour: Robe              |     3 |    16 ||    19
         Leather armour    |     9 |     8 ||    17
         Skin              |       |     2 ||     2
  Dodge: Dodged            |    31 |    44 ||    75

Table legend:
 A = Non-vault XP
 B = Vault XP
 C = Vault XP percentage of total XP
 D = Non-vault monster count
 E = Vault monster count
 F = Vault count percentage of total count
                 A         B        C        D         E       F
            +---------+---------+-------+---------+---------+-------
      Total |     183 |      73 |  28.5 |      43 |       3 |   6.5
            +---------+---------+-------+---------+---------+-------
        D:1 |      31 |       1 |   3.1 |      13 |       1 |   7.1
        D:2 |     124 |      72 |  36.7 |      19 |       2 |   9.5
        D:3 |      28 |       0 |   0.0 |      11 |       0 |   0.0
            +---------+---------+-------+---------+---------+-------
